 Dungeon Crawl Stone Soup version 0.30-a0-172-gc5509c9e31 (webtiles) character file.

Game seed: 2010994878728579590

15352 porpoise the Spear-Bearer (level 12, -2/156 HPs)
             Began as a Demonspawn Gladiator on Oct 2, 2022.
             Was an Elder of Fedhas.
             Slain by a redback (10 damage)
             ... on level 2 of the Lair of Beasts.
             The game lasted 00:48:48 (14005 turns).

porpoise the Spear-Bearer (Demonspawn Gladiator)   Turns: 14005, Time: 00:48:49

Health: -2/156     AC: 30    Str: 20    XL:     12   Next: 0%
Magic:  13/17      EV:  2    Int: 10    God:    Fedhas [****..]
Gold:   1135       SH:  0    Dex: 16    Spells: 11/11 levels left

rFire   . . .      SeeInvis .    a - +1 trident
rCold   . . .      Faith    .    (no shield)
rNeg    . . .      Spirit   .    (body armour currently unavailable)
rPois   +          Reflect  .    (helmet unavailable)
rElec   .          Harm     .    (cloak currently unavailable)
rCorr   .          Rampage  .    (gloves currently unavailable)
Will    .....      NoTele   +    (boots currently unavailable)
Stlth   +.........               (no amulet)
HPRegen 0.46/turn                g - +4 ring of protection
MPRegen 0.15/turn                Q - +4 ring of evasion

@: agile, lethally poisoned (-2 -> -14), tree-form
A: stationary, stasis, torment immunity, boosted hp, (horns 3), repulsion field
2, powered by pain 1, robust 1, strong 1
a: Renounce Religion, Wall of Briars, Grow Ballistomycete, Overgrow


You were on level 2 of the Lair of Beasts.
You worshipped Fedhas.
Fedhas was greatly pleased with you.
You were a tree.
You visited 3 branches of the dungeon, and saw 13 of its levels.
You also visited: Bailey.

You collected 1135 gold pieces.

Inventory:

Hand Weapons
 a - a +1 trident (weapon)
 b - the +9 broad axe "Ihuegesch" {freeze, rPois rC+}
   (You found it in a bailey)

   It freezes those it strikes, dealing additional cold damage.
   It can also slow down cold-blooded creatures.
   rC:        It protects you from cold.
   rPois:     It protects you from poison.
Missiles
 d - 2 throwing nets
 o - 47 poisoned darts (quivered)
 t - 3 javelins
 X - a curare-tipped dart
Armour
 y - a +0 pair of gloves (melded)
 D - +2 acid dragon scales (melded)
 Y - a +0 cloak (melded)
Jewellery
 g - a +4 ring of protection (left branch)
 Q - a +4 ring of evasion (right branch)
 W - a ring of fire
Wands
 i - a wand of paralysis (2)
 z - a wand of roots (3)
 A - a wand of polymorph (3)
 E - a wand of digging (5)
 N - a wand of flame (8)
Scrolls
 e - 6 scrolls of teleportation
 h - 2 scrolls of identify
 j - 3 scrolls of fog
 F - a scroll of vulnerability
 S - a scroll of poison
 U - a scroll of magic mapping
Potions
 c - a potion of flight
 l - 2 potions of attraction
 H - 2 potions of might
 J - a potion of resistance
Miscellaneous
 f - a tin of tremorstones (2/2)
 P - a piece from Xom's chessboard (15/15)


   Skills:
 + Level 9.1 Fighting
 + Level 4.5(8.4) Axes
 - Level 11.1(11.4) Polearms
 - Level 3.5 Throwing
 + Level 6.6 Armour
 - Level 5.0 Dodging
 + Level 7.8 Invocations
 - Level 5.0 Evocations


You had 11 spell levels left.
You didn't know any spells.
Your spell library contained the following spells:

 Spells                   Type           Power      Damage    Failure   Level
 Sandblast                Erth           0%         2d4       36%         1
 Passwall                 Tmut/Erth      0%         N/A       50%         2
 Scorch                   Fire           0%         2d5       50%         2
 Stone Arrow              Conj/Erth      0%         3d7       75%         3
 Cause Fear               Hex            0%         N/A       98%         4
 Flame Wave               Conj/Fire      0%         2d4       98%         4
 Summon Cactus Giant      Summ           0%         N/A       100%        6
 Dragon Form              Tmut           0%         N/A       100%        7
 Dragon's Call            Summ           0%         N/A       100%        9


Dungeon Overview and Level Annotations

Branches:
Dungeon (10/15)            Temple (1/1) D:5            Lair (2/5) D:9
 Bailey (visited)
  Swamp: Lair:2-3    Shoals: Lair:2-3     Snake: Lair:2-3    Spider: Lair:2-3
    Orc: D:9-12

Altars:
Ashenzari
Cheibriados
Dithmenos
Fedhas
Gozag
Hepliaklqana
Kikubaaqudgha
Makhleb
Nemelex Xobeh
Okawaru
Qazlal
Ru
Sif Muna
Trog
Uskayaw
Vehumet
Wu Jian
Xom
Yredelemnul

Shops:
D:3 (   D:9 :

Annotations:
D:5 3 runed translucent doors, blackman's ghost, novice OpCj; ryw's ghost, novice GnFi; testman's ghost, novice KoBr
D:8 1 runed translucent door, capslocke's ghost, novice SpEn


Innate Abilities, Weirdness & Mutations

You are a tree.
Your roots penetrate the ground, keeping you stationary.
You cannot be teleported.
You are immune to unholy pain and torment.
Your maximum health is greatly increased.
Your equipment is partially melded.
((You have a pair of large horns on your head.))
You are surrounded by a moderate repulsion field. (EV +3)
You sometimes gain a little power by taking damage.
You are robust. (+10% HP)
Your muscles are strong. (Str +4, Int/Dex -1)


Message History

* * * LOW HITPOINT WARNING * * *
The culicivora bites you!
* * * LOW HITPOINT WARNING * * *
The culicivora draws strength from your injuries!
The redback bites you but does no damage.
The culicivora bites you but does no damage.
You feel much better.
You feel extremely sick. The redback misses you.
The culicivora barely misses you.
As you read the scroll of teleportation, it crumbles to dust.
You feel strangely unstable.
* * * LOW HITPOINT WARNING * * *
You feel extremely sick. The redback misses you.
The culicivora completely misses you. The redback misses you.
The culicivora barely misses you.
Okay, then.
A briar patch grows up from the ground. x6
* * * LOW HITPOINT WARNING * * *
You feel extremely sick. The redback closely misses you.
The culicivora completely misses you.
You walk carefully through the plants.
* * * LOW HITPOINT WARNING * * *
You feel extremely sick. The redback completely misses you.
The culicivora is struck by your briar patch's thorns.
The culicivora dies!
Fedhas appreciates your contribution to the ecosystem.
You have reached level 12!
You feel agile.
Really quaff the potion of lignification?
You turn into a tree.
Your +0 cloak melds into your body.
Your +0 pair of gloves melds into your body.
Your +2 acid dragon scales melds into your body.
Your roots penetrate the ground.
You feel strangely stable.
* * * LOW HITPOINT WARNING * * *
You feel very sick.
The redback bites you but does no damage.
The redback bites you!
You die...
Fedhas appreciates your contribution to the ecosystem.

..### ## ...♣~♣~~~~~P≈~
#.# .#~♣~~♣~~♣P≈≈≈ #.#
#~♣~~~~~~≈≈≈≈≈
##^#####♣♣~~~~~~≈≈≈≈≈≈
#.#...PP..♣♣PP~~~~≈≈≈≈≈≈
#...†sP..~♣~~~PP~≈≈≈≈≈≈
#.#..PP♣...♣~♣~~~~~≈≈≈≈≈
##.#......♣♣~~~♣~P~≈≈≈
#.##.......~♣~PP~~P~~≈
#.# #....##.~♣~♣~P†~~~~
## #...####♣##♣PP♣~~♣~
...#########....#
##~~~~P~
##.............###
##~#... #PP...........##
###.~##..
##..............# ###
#~..~###.


You could see a redback (ally target).

Vanquished Creatures
  2 centaur warriors
  A hydra (Lair:2)
  A deep elf pyromancer (D:8)
  A gargoyle (Bailey)
  2 cane toads (Lair:1)
  4 komodo dragons
  2 trolls
  A hornet (D:9)
  7 blink frogs (Lair:1)
  A shadow (D:10)
  2 vampires
  12 yaks
  A wraith (D:10)
  5 wyverns
  A basilisk (D:9)
  2 steam dragons (D:9)
  2 humans (D:10)
  3 water moccasins
  5 orc warriors
  A sky beast (D:7)
  An ice beast (D:4)
  An ogre (D:4)
  6 centaurs
  2 phantoms
  4 kobold brigands
  4 bullfrogs
  A gnoll sergeant (D:7)
  5 necrophages
  3 scorpions (D:5)
  20 killer bees
  2 electric eels
  8 vampire bats (Bailey)
  8 wolf zombies (Bailey)
  A jelly (D:6)
  7 orc priests
  5 hounds
  10 orc wizards
  Ijyb (D:5)
  3 iguanas
  Terence (D:3)
  13 gnolls
  7 adders
  3 shadow imps
  3 ufetubi
  2 worms
  3 dart slugs
  32 orcs
  7 bats
  8 endoplasms
  4 giant cockroaches
  12 goblins
  6 hobgoblins
  6 jackals
  7 ball pythons
  2 frilled lizards (D:2)
  28 kobolds
  17 orc zombies (Bailey)
  4 rats
313 creatures vanquished.

Vanquished Creatures (collateral kills)
  A culicivora (Lair:2)
  An electric eel (Lair:2)
  3 ballistomycete spores (Lair:2)
5 creatures vanquished.

Vanquished Creatures (others)
  A butterfly (D:5)
  6 fungi
  16 plants
23 creatures vanquished.

Grand Total: 341 creatures vanquished

Notes
Turn   | Place    | Note
-------+----------+-------------------------------------------
     0 | D:1      | porpoise the Demonspawn Gladiator began the quest for the
                  | Orb.
     0 | D:1      | Reached XP level 1. HP: 16/16 MP: 1/1
   216 | D:1      | Gained mutation: You are surrounded by a mild repulsion
                  | field. (EV +2) [demonic ancestry]
   216 | D:1      | Reached XP level 2. HP: 22/22 MP: 2/2
   929 | D:1      | Reached skill level 3 in Polearms
   939 | D:1      | Gained mutation: You have a pair of small horns on your
                  | head. [demonic ancestry]
   939 | D:1      | Reached XP level 3. HP: 27/28 MP: 3/3
  1370 | D:2      | Gained mutation: You have a pair of horns on your head.
                  | [demonic ancestry]
  1370 | D:2      | Reached XP level 4. HP: 34/34 MP: 4/4
  1530 | D:3      | Noticed a necrophage
  1544 | D:3      | Killed a necrophage
  1693 | D:3      | Reached XP level 5. HP: 39/41 MP: 5/5
  1731 | D:3      | Noticed Terence
  1746 | D:3      | Killed Terence
  1775 | D:3      | Identified the +4 short sword "Mualen" {venom, Int+3}
  1803 | D:3      | Found Gemoh's Weapon Emporium.
  2150 | D:4      | Noticed a phantom
  2161 | D:4      | Gained mutation: You are robust. (+10% HP) [potion of
                  | mutation]
  2161 | D:4      | Gained mutation: Your muscles are strong. (Str +4, Int/Dex
                  | -1) [potion of mutation]
  2163 | D:4      | Noticed an ogre
  2175 | D:4      | Identified a scroll of acquirement
  2215 | D:3      | HP: 2/45 [shadow imp (2)]
  2577 | D:4      | Killed a phantom
  2577 | D:4      | Found an opulent altar of Gozag.
  2578 | D:4      | Gained mutation: You are surrounded by a moderate repulsion
                  | field. (EV +3) [demonic ancestry]
  2578 | D:4      | Reached XP level 6. HP: 8/52 MP: 6/6
  2860 | D:4      | Noticed an ice beast
  2884 | D:4      | Killed an ice beast
  2885 | D:4      | Reached skill level 4 in Polearms
  2989 | D:4      | Found a burning altar of Makhleb.
  3066 | D:4      | Gained mutation: You have a pair of large horns on your
                  | head. [demonic ancestry]
  3066 | D:4      | Reached XP level 7. HP: 39/59 MP: 7/7
  3539 | D:5      | Entered Level 5 of the Dungeon
  3836 | D:5      | Reached skill level 5 in Polearms
  4036 | D:5      | Found a runed translucent gate.
  4037 | D:5      | Found a runed translucent gate.
  4038 | D:5      | Found a runed translucent gate.
  4040 | D:5      | Noticed blackman's ghost (novice OpCj)
  4040 | D:5      | Noticed testman's ghost (novice KoBr)
  4041 | D:5      | Noticed ryw's ghost (novice GnFi)
  4101 | D:5      | Noticed Ijyb
  4119 | D:5      | Killed Ijyb
  4346 | D:5      | Reached skill level 5 in Fighting
  4537 | D:5      | Reached skill level 6 in Polearms
  4553 | D:5      | Noticed a troll
  4563 | D:5      | Killed a troll
  4564 | D:5      | Gained mutation: You sometimes gain a little power by
                  | taking damage. [demonic ancestry]
  4564 | D:5      | Reached XP level 8. HP: 69/69 MP: 8/8
  4764 | D:5      | Found a radiant altar of Vehumet.
  4801 | D:5      | Found a staircase to the Ecumenical Temple.
  4876 | D:5      | Identified the +8 mace of Gallantry {flame, Int+2}
  4888 | Temple   | Entered the Ecumenical Temple
  4906 | Temple   | Became a worshipper of Fedhas Madash
  5116 | D:6      | Reached skill level 1 in Invocations
  5181 | D:6      | Found a broken altar of Ashenzari.
  5256 | D:6      | Reached skill level 7 in Polearms
  6067 | D:6      | Reached XP level 9. HP: 74/78 MP: 11/11
  6238 | D:6      | Reached skill level 8 in Polearms
  6239 | D:6      | Reached * piety under Fedhas
  6699 | D:7      | Found a hide-covered altar of Uskayaw.
  6735 | D:7      | Reached skill level 5 in Invocations
  7030 | D:7      | Found a bloodstained altar of Trog.
  7109 | D:7      | Found a snail-covered altar of Cheibriados.
  7230 | D:7      | Reached skill level 1 in Armour
  7796 | D:8      | Reached skill level 9 in Polearms
  7854 | D:8      | Found a runed translucent door.
  7854 | D:8      | Found a shimmering altar of Xom.
  7854 | D:8      | Noticed capslocke's ghost (novice SpEn)
  7855 | D:8      | Noticed a +1 mace of chaos
  7935 | D:8      | Found a flagged portal.
  7939 | D:8      | Reached ** piety under Fedhas
  7972 | Bailey   | Entered a bailey
  8600 | Bailey   | Reached *** piety under Fedhas
  8606 | Bailey   | Identified the +9 broad axe "Ihuegesch" {freeze, rPois rC+}
  8669 | Bailey   | Noticed a gargoyle
  8675 | Bailey   | Killed a gargoyle
  8676 | Bailey   | Reached XP level 10. HP: 59/86 MP: 15/15
  9083 | D:8      | Reached skill level 1 in Evocations
  9234 | D:8      | Identified the +6 scimitar "Hizeimy" {holy, Stlth+}
  9242 | D:8      | Noticed a deep elf pyromancer
  9251 | D:8      | Noticed a centaur warrior
  9258 | D:8      | Killed a centaur warrior
  9259 | D:8      | Reached skill level 10 in Polearms
  9262 | D:8      | Killed a deep elf pyromancer
 10147 | D:9      | Found Inlupuj's Book Shoppe.
 10286 | D:9      | Reached skill level 5 in Armour
 10494 | D:9      | Found a staircase to the Lair.
 10735 | D:9      | Found an ancient bone altar of Kikubaaqudgha.
 10759 | D:9      | Reached skill level 5 in Evocations
 10767 | D:9      | Reached XP level 11. HP: 44/92 MP: 16/16
 10979 | D:10     | Entered Level 10 of the Dungeon
 11016 | D:10     | Reached skill level 11 in Polearms
 11019 | D:10     | Reached **** piety under Fedhas
 11123 | D:10     | Found an iron altar of Okawaru.
 11439 | D:10     | Reached skill level 1 in Axes
 11443 | D:10     | Reached skill level 5 in Dodging
 11448 | D:10     | Noticed a centaur warrior
 11461 | D:10     | Killed a centaur warrior
 11998 | D:10     | Identified the +2 robe of Levity {rPois}
 12030 | D:10     | Found a basalt altar of Yredelemnul.
 12154 | D:10     | Found a sacrificial altar of Ru.
 12433 | Lair:1   | Entered Level 1 of the Lair of Beasts
 13005 | Lair:1   | Identified the +1 robe of Fanaticism {rC+ Str+3 Stlth+}
 13298 | Lair:1   | Noticed an oklob plant
 13421 | Lair:1   | Acquired 468 gold pieces
 13616 | Lair:2   | Noticed a six-headed hydra
 13648 | Lair:2   | Killed a six-headed hydra
 14005 | Lair:2   | Reached XP level 12. HP: 7/104 MP: 13/17
 14005 | Lair:2   | Slain by a redback

Illustrated notes

Levels and vault maps discovered:
D:1:      lemuel_arrival_lava_pool, layout_basic
D:2:      layout_rooms, kennysheep_generic_room_15
D:3:      layout_basic, serial_shops, shop, uniq_terence
D:4:      layout_cave_pools, marbit_many_paths, mainiacjoe_overflow_alcove_2,
          serial_park, serial_park_fountain, serial_park_square3
          [serial_park_minivault_5x5_1], serial_park_tiny_2,
          reono_crystal_passage, minmay_goblin_outpost
D:5:      layout_rooms, fiery_altar_vehumet, nicolae_tso_swordbearing_angel,
          minmay_temple_entry_butterflies, gammafunk_ghost_cemetery, uniq_ijyb
D:6:      layout_basic, ashenzari_conservatory_becter
D:7:      layout_basic, cheibrodos_worm_habitat,
          mainiacjoe_overflow_tiny_flanked, nicolae_overflow_hidden_temple
D:8:      layout_loops_ring, ebering_ghost_xom, enter_bailey_5,
          minmay_diamond_spiral
D:9:      layout_irregular_city, mainiacjoe_overflow_small_starburst,
          erik_lair_dragon, serial_shops, shop, kennysheep_another_room
D:10:     layout_gridville, nicolae_ru_sacrificial_ziggurat, okawaru_humans,
          nicolae_elyvilon_temple_path, gammafunk_temple_overflow_elements,
          nicolae_concentric_dashed_squares_wild
Temple:   hellmonk_temple_rainy
Lair:1:   dpeg_oklob_gauntlet, layout_misc_corridors, lemuel_fruit_tree
Lair:2:   gammafunk_cloud_chamber, layout_hall_layers,
          nicolae_spider_entry_tight_spaces, serial_bayou, serial_bayou_ford_a,
          serial_bayou_pond_c, serial_bayou_lagoon_a, serial_bayou_lake_a,
          lemuel_old_faithful

Skill      XL: |  1  2  3  4  5  6  7  8  9 10 11 |
---------------+----------------------------------+-----
Throwing       | 2 3 |  3.5
Polearms       | 3 4 6 7 9 10 11 | 11.1
Dodging        | 3 4 5 |  5.0
Fighting       | 3 4 5 6 7 9 |  9.1
Invocations    | 3 7 |  7.8
Armour         | 2 5 6 |  6.6
Evocations     | 5 |  5.0
Axes           | 4 |  4.5

Action                   |  1- 3 |  4- 6 |  7- 9 | 10-12 || total
-------------------------+-------+-------+-------+-------++-------
Melee: Trident           |   120 |   132 |   499 |    35 ||   786
       Headbutt          |     8 |    17 |    92 |    37 ||   154
       Punch             |     1 |     1 |     7 |     4 ||    13
       Sling             |       |     1 |       |       ||     1
       Spear             |       |       |    89 |       ||    89
       Broad axe         |       |       |     4 |   240 ||   244
       Mace              |       |       |     2 |       ||     2
 Fire: Sling             |       |     7 |       |       ||     7
Throw: Dart              |       |     7 |     2 |    17 ||    26
       Throwing net      |       |     3 |     1 |       ||     4
       Javelin           |       |     1 |       |       ||     1
Invok: Wall of Briars    |       |       |       |     3 ||     3
       Grow Ballistomyce |       |       |       |     1 ||     1
  Use: Scroll            |       |    10 |     9 |     8 ||    27
       Potion            |       |     9 |       |     4 ||    13
 Stab: Fleeing           |       |     1 |       |       ||     1
       Held in net/web   |       |       |     2 |       ||     2
Armor: Leather armour    |    11 |       |       |       ||    11
       Ring mail         |    37 |    77 |   108 |       ||   222
       Plate armour      |       |       |   140 |    14 ||   154
       Acid dragon scale |       |       |       |   146 ||   146
       Skin              |       |       |       |     1 ||     1
Dodge: Dodged            |    72 |   154 |   369 |   392 ||   987

Table legend: (Time is in decaauts)
 A = Elapsed time spent in this place.
 B = Non-inter-level travel time spent in this place.
 C = Inter-level travel time spent in this place.
 D = Time resting spent in this place.
 E = Time spent auto-exploring this place.
 F = Levels seen in this place.
 G = Mean time per level.
                   A        B        C        D        E       F      G
               +--------+--------+--------+--------+--------+-----+--------+
         Total |  14067 |  13565 |    502 |   4203 |   6518 |  14 | 1004.8 |
       Dungeon |  11579 |  11150 |    429 |   3321 |   5686 |  10 | 1157.9 |
        Temple |     28 |     18 |     10 |      0 |      9 |   1 |   28.0 |
          Lair |   1603 |   1540 |     63 |    603 |    646 |   2 |  801.5 |
        Bailey |    855 |    855 |      0 |    279 |    177 |   1 |  855.0 |
               +--------+--------+--------+--------+--------+-----+--------+

Top non-repeatable levels by time:
     D:6: 1486 daAuts
     D:4: 1411 daAuts
    D:10: 1384 daAuts
     D:9: 1367 daAuts
     D:8: 1193 daAuts
     D:7: 1184 daAuts
     D:5: 1091 daAuts
     D:1: 1028 daAuts
  Lair:1: 1010 daAuts
     D:3: 942 daAuts
  Bailey: 855 daAuts
  Lair:2: 593 daAuts
     D:2: 491 daAuts
  Temple: 28 daAuts
